 Dungeon Crawl Stone Soup version 0.22-a0-305-gd21a89c (webtiles) character file.

6799 Gorice the Basher (level 10, -4/77 HPs)
             Began as a Demonspawn Wanderer on Mar 31, 2018.
             Engulfed by an ice statue's freezing vapour (22 damage)
             ... in an ice cave.
             The game lasted 00:55:11 (12401 turns).

Gorice the Basher (Demonspawn Wanderer)            Turns: 12401, Time: 00:55:11

Health: -4/77      AC: 21    Str: 15    XL:     10   Next: 76%
Magic:  10/10      EV: 21    Int: 10    God:
Gold:   423        SH:  0    Dex: 17    Spells: 9/9 levels left

rFire    . . .     SeeInvis +   c - +2 mace of the Thirsty Spirits {freeze, SInv}
rCold    . . .     Gourm    .   (no shield)
rNeg     . . .     Faith    .   l - +0 plate armour
rPois    .         Spirit   .   j - +2 hat
rElec    .         Reflect  .   e - +0 cloak
rCorr    .         Harm     .   (no gloves)
MR       .....                  m - +1 pair of boots
Stlth    ..........             F - amulet of the acrobat
HPRegen  0.22/turn              (no ring)
MPRegen  0.12/turn              (no ring)

@: berserk cooldown, acrobat
A: talons 2, slimy green scales 1, demonic guardian 2, rot immunity
a: no special abilities


You were in an ice cave.
You were not hungry.

You visited 3 branches of the dungeon, and saw 11 of its levels.
You also visited: Sewer and Ice Cave.

You collected 423 gold pieces.

Inventory:

Hand Weapons
 a - a +3 whip of electrocution
   (You took it off a kobold on level 8 of the Dungeon)
 b - a +0 hand crossbow
 c - the +2 mace of the Thirsty Spirits (weapon) {freeze, SInv}
   (You found it on level 4 of the Dungeon)

   It has been specially enchanted to freeze those struck by it, causing extra
   injury to most foes and up to half again as much damage against particularly
   susceptible opponents.
   It can also slow down cold-blooded creatures.
   It lets you see invisible.
 B - a +0 blowgun
Missiles
 o - 7 silver javelins
 x - 75 bolts
 A - 13 poisoned needles
 H - 4 tomahawks (quivered)
 Z - a throwing net
Armour
 e - a +0 cloak (worn)
 j - a +2 hat (worn)
 l - a +0 plate armour (worn)
 m - a +1 pair of boots (worn)
Jewellery
 F - an amulet of the acrobat (around neck)
Wands
 i - a wand of polymorph (14)
 N - a wand of acid (11)
 Q - a wand of disintegration (9)
Scrolls
 E - 3 scrolls of teleportation {!r}
 G - 3 scrolls of fear {!r}
 J - 6 scrolls of identify
 L - 4 scrolls of remove curse
Potions
 d - 8 potions of curing
 f - a potion of might {!q}
 s - 2 potions of haste {!q}
 t - a potion of flight
 v - a potion of berserk rage
 w - 3 potions of lignification {!q}
 z - 7 potions of heal wounds {!q}
 K - a potion of cancellation {!q}
Miscellaneous
 h - a lamp of fire
Comestibles
 g - 16 rations


   Skills:
 - Level 6.6 Fighting
 * Level 11.1 Maces & Flails
 + Level 8.9 Armour
 - Level 1.7 Dodging
 - Level 2.6 Stealth
 - Level 1.0 Unarmed Combat


You had 9 spell levels left.
You didn't know any spells.

Dungeon Overview and Level Annotations

Branches:
Dungeon (8/15)             Temple (1/1) D:4            Lair (2/6) D:8
  Swamp: Lair:2-4    Shoals: Lair:2-4     Snake: Lair:2-4    Spider: Lair:2-4

Altars:
Ashenzari
Cheibriados
Dithmenos
Elyvilon
Fedhas
Gozag
Hepliaklqana
Kikubaaqudgha
Makhleb
Nemelex Xobeh
Okawaru
Qazlal
Ru
Sif Muna
Trog
Uskayaw
Vehumet
Wu Jian
Xom
Yredelemnul
Zin
The Shining One

Annotations:
D:6 2 transporters IceCv exclusion: ice statue


Innate Abilities, Weirdness & Mutations

You have razor-sharp toenails.
You are partially covered in slimy green scales. (AC +2)
A demonic guardian rushes to your aid.
You are immune to rotting.


Message History

Unknown command.
Really quaff
z - 9 potions of heal wounds {!q}?
You feel much better. The ice devil hits you.
* * * LOW HITPOINT WARNING * * *
The ice devil freezes you!
* * * LOW HITPOINT WARNING * * *
Unknown command.
Okay, then.
Really quaff
z - 8 potions of heal wounds {!q}?
You feel much better.
The ice devil hits you but does no damage.
Really read
E - 4 scrolls of teleportation {!r}?
As you read the scroll of teleportation {!r}, it crumbles to dust.
You feel strangely unstable.
The ice devil hits you but does no damage.
Unknown command.
A red film seems to cover your vision as you go berserk!
You feel yourself moving faster!
You feel mighty!
The ice devil hits you but does no damage.
You bludgeon the ice devil!!
You kill the ice devil!
There is an open door here.
You feel a strong urge to attack something.
x - 73 bolts (gained 3)
Your surroundings suddenly seem different.
Unknown command.
You feel your anger nearly subside.
There is an open door here.
You are no longer berserk.
You are exhausted.
You feel yourself slow down.
Damage: 11 (max 11)
x - 74 bolts (gained 1)
You start resting.
You feel yourself speed up.
Really walk into a travel-excluded area?
The ice statue gestures at you. The bolt of cold misses you.
There is an open door here.
You see here a bolt.
Unknown command.
x - 75 bolts (gained 1)
The ice statue gestures at you. The freezing blast engulfs you!
* * * LOW HITPOINT WARNING * * *
Your orange demon is engulfed in freezing vapours.
Damage: 15 (max 15) Unknown command.
You are engulfed in freezing vapours.
You die...

#### ## #.' ###.
#.######### #...
##.#.#.#.#.# ####..
######8.#'#'#'#'### #..#..
#..§§§..#.......'.# +.4#..
#.#####§#.8.8.8.########..
#§#4§..........#....
#§§@...........'....
#§#§...........#....
#§#.8.8.8.########..
..#.......'.# 4#..
#8.#'#'#'#'### ..#..
##.#.#.#.#.# ####..
#.######### ... #. ###. #


You could see a friendly orange demon.

Vanquished Creatures
  A two-headed ogre (D:8)
  Pikel (D:8)
  An ice statue (IceCv)
  4 ice devils (IceCv)
  The ghost of SpeedyPerson7 the Chopper, an amateur DDFi (D:4)
  A troll (D:8)
  A spriggan (D:7)
  A yak (Lair:1)
  A basilisk (Lair:1)
  Duvessa (D:5)
  A water moccasin (Lair:1)
  3 porcupines
  An ice beast (D:7)
  An orc warrior (D:7)
  A phantom (D:6)
  An ogre (D:6)
  A wolf (D:8)
  2 centaurs (D:6)
  3 crocodiles
  6 bullfrogs
  2 big kobolds
  A wyvern zombie (D:7)
  A wyvern skeleton (D:7)
  A scorpion (D:5)
  Dowan (D:5)
  4 electric eels (D:8)
  3 crimson imps
  A draconian simulacrum (IceCv)
  A quasit (D:7)
  Crazy Yiuf (D:4)
  A hound (D:8)
  2 bullfrog skeletons
  3 orc wizards
  2 iguanas
  3 worker ants
  4 troll simulacra (IceCv)
  2 centaur simulacra (IceCv)
  A hound zombie (D:5)
  A hound skeleton (D:4)
  9 adders
  2 naga simulacra (IceCv)
  An ogre simulacrum (IceCv)
  2 shadow imps
  3 oozes
  An adder skeleton (D:6)
  2 adder zombies (D:7)
  4 worms
  3 dart slugs
  3 leopard geckos
  17 orcs
  6 giant cockroaches
  12 hobgoblins
  9 jackals
  27 kobolds
  4 quokkas
  3 ball pythons (Sewer)
  9 bats
  5 frilled lizards
  A giant cockroach zombie (D:6)
  4 goblins
  A leopard gecko skeleton (D:5)
  9 rats
205 creatures vanquished.

Vanquished Creatures (collateral kills)
  An ice statue (IceCv)
  A spiny frog (Lair:1)
  2 ice devils (IceCv)
  A hippogriff (D:7)
  2 yaks (Lair:1)
  An ice beast (D:6)
  2 ogres
  A wolf (D:8)
  A big kobold (Sewer)
  A hound (D:8)
  An orc wizard (D:4)
  A bullfrog skeleton (D:8)
  A shadow imp (D:6)
  A kobold (Sewer)
17 creatures vanquished.

Vanquished Creatures (others)
  3 slaves (D:8)
  A hound (D:8)
  An adder skeleton (D:8)
  A quokka (D:8)
6 creatures vanquished.

Grand Total: 228 creatures vanquished

Notes
Turn   | Place    | Note
-------+----------+-------------------------------------------
     0 | D:1      | Gorice the Demonspawn Wanderer began the quest for the Orb.
     0 | D:1      | Gorice set off with: a potion of haste {!q}, a potion of berserk rage, a potion of lignification {!q}, a potion of curing, a +0 robe, a +0 dagger, a ration
     0 | D:1      | Reached XP level 1. HP: 19/19 MP: 1/1
   219 | D:1      | Gained mutation: You have sharp toenails. [demonic ancestry]
   219 | D:1      | Reached XP level 2. HP: 18/26 MP: 2/2
   746 | D:1      | Reached XP level 3. HP: 22/32 MP: 3/3
   884 | D:1      | Found a glowing golden altar of the Shining One.
  1121 | D:2      | Reached skill level 5 in Fighting
  1181 | D:2      | Reached skill level 1 in Armour
  1393 | D:2      | Gained mutation: You are partially covered in slimy green scales. (AC +2) [demonic ancestry]
  1393 | D:2      | Reached XP level 4. HP: 30/39 MP: 4/4
  1530 | D:2      | Found a burning altar of Makhleb.
  2147 | D:3      | Found a glowing drain.
  2178 | Sewer    | Entered a sewer
  2270 | Sewer    | HP: 11/39 [kobold/uncursed whip (4)]
  2556 | Sewer    | Reached skill level 2 in Armour
  2613 | Sewer    | Noticed a big kobold
  2668 | Sewer    | Killed a big kobold
  2668 | Sewer    | Gained mutation: A weak demonic guardian rushes to your aid. [demonic ancestry]
  2668 | Sewer    | Reached XP level 5. HP: 31/46 MP: 5/5
  2785 | Sewer    | Reached skill level 6 in Fighting
  3101 | D:3      | Reached skill level 3 in Armour
  3209 | D:3      | Noticed an ogre
  3216 | D:3      | Killed an ogre
  3216 | D:3      | Gained mutation: You have razor-sharp toenails. [demonic ancestry]
  3216 | D:3      | Reached XP level 6. HP: 27/52 MP: 6/6
  4035 | D:4      | Noticed SpeedyPerson7's ghost (amateur DDFi)
  4231 | D:4      | Found a runed door.
  4243 | D:4      | Noticed Crazy Yiuf
  4253 | D:4      | Killed Crazy Yiuf
  4266 | D:4      | Got a warped mace
  4270 | D:4      | Identified the +2 mace of the Thirsty Spirits {freeze, SInv} (You found it on level 4 of the Dungeon)
  4312 | D:4      | Found a staircase to the Ecumenical Temple.
  4345 | D:4      | Reached skill level 1 in Maces & Flails
  4365 | Temple   | Entered the Ecumenical Temple
  4644 | D:4      | Reached skill level 4 in Armour
  4718 | D:4      | Killed SpeedyPerson7's ghost
  4718 | D:4      | Reached skill level 3 in Maces & Flails
  4718 | D:4      | Gained mutation: You are immune to rotting. [demonic ancestry]
  4718 | D:4      | Reached XP level 7. HP: 40/59 MP: 7/7
  5142 | D:5      | Entered Level 5 of the Dungeon
  5718 | D:5      | Noticed Dowan
  5734 | D:5      | Killed Dowan
  5734 | D:5      | Reached skill level 4 in Maces & Flails
  5774 | D:5      | Noticed Duvessa
  5793 | D:5      | Killed Duvessa
  5793 | D:5      | Reached skill level 5 in Armour
  5793 | D:5      | Gained mutation: A demonic guardian rushes to your aid. [demonic ancestry]
  5793 | D:5      | Reached XP level 8. HP: 64/65 MP: 8/8
  6102 | D:5      | Found an opulent altar of Gozag.
  6254 | D:6      | Reached skill level 5 in Maces & Flails
  6444 | D:6      | Found a transporter.
  6471 | D:6      | Noticed a kobold demonologist
  6697 | D:6      | Reached skill level 6 in Maces & Flails
  6836 | D:6      | Found a transporter.
  7096 | D:7      | Noticed a hippogriff
  7098 | D:7      | Killed a hippogriff
  7098 | D:7      | Reached skill level 6 in Armour
  7254 | D:7      | Reached skill level 7 in Maces & Flails
  7254 | D:7      | Reached XP level 9. HP: 25/71 MP: 9/9
  8175 | D:8      | Noticed a troll
  8257 | D:8      | Noticed Pikel
  8264 | D:8      | Killed Pikel
  8264 | D:8      | Reached skill level 8 in Maces & Flails
  8379 | D:8      | Reached skill level 7 in Armour
  8380 | D:8      | Noticed a two-headed ogre
  8389 | D:8      | Killed a two-headed ogre
  8411 | D:8      | Killed a troll
  8411 | D:8      | Reached skill level 9 in Maces & Flails
  8469 | D:8      | HP: 19/71 [electric eel/bolt of electricity (9)]
  8474 | D:8      | Found a staircase to the Lair.
  8478 | D:8      | HP: 17/71 [electric eel/bolt of electricity (4)]
  8510 | D:8      | HP: 19/71 [hound (3)]
  9188 | D:8      | Found a deep blue altar of Sif Muna.
  9283 | Lair:1   | Entered Level 1 of the Lair of Beasts
  9357 | Lair:1   | Reached XP level 10. HP: 77/77 MP: 10/10
  9651 | Lair:1   | Noticed a spiny frog
  9654 | Lair:1   | Killed a spiny frog
  9654 | Lair:1   | Reached skill level 8 in Armour
  9810 | Lair:1   | Reached skill level 10 in Maces & Flails
 10409 | Lair:2   | Found a frozen archway.
 10418 | IceCv    | Entered an ice cave
 10486 | IceCv    | Noticed an ice statue
 10486 | IceCv    | Noticed an ice statue
 10519 | IceCv    | HP: 21/77 [ice statue/bolt of cold (23)]
 10824 | IceCv    | HP: 15/77 [ice beast[an ice statue] (14)]
 11016 | IceCv    | Killed an ice statue
 11267 | IceCv    | HP: 23/77 [ice beast[an ice statue] (7)]
 11526 | IceCv    | Killed an ice statue
 12161 | IceCv    | Reached skill level 11 in Maces & Flails
 12165 | IceCv    | Noticed an ice statue
 12221 | IceCv    | HP: 21/77 [ice beast[an ice statue] (9)]
 12352 | IceCv    | HP: 9/77 [ice devil (15)]
 12355 | IceCv    | HP: 2/77 [ice devil (20)]
 12400 | IceCv    | HP: 18/77 [ice statue/freezing blast (15)]
 12401 | IceCv    | Engulfed by an ice statue's freezing vapour

Vault maps used:
D:1:      sevenhm_arrival_forest_fort_small_3, serial_park_tiny_1,
          tso_metal_star
D:2:      minmay_kobold_bridge, bloody_makhleb
D:3:      minmay_diamond_boxcup, cheibrodos_sewer_entry_bend
D:4:      minmay_temple_entry_junction, uniq_crazy_yiuf_cottage
D:5:      first_ration, nicolae_gozag_cash_rules_everything_around_me,
          uniq_duvessa
D:6:      gammafunk_wand_slinger, nicolae_lava_and_water
D:7:      kb_forest_paths, the_bakery
D:8:      erik_lair_island, kennysheep_nondescript, st_stairs_8,
          lemuel_blue_sif_altar, uniq_pikel
Temple:   kilobyte_greek_temple
Lair:1:   infiniplex_staircase_pool
Lair:2:   minmay_snake_entry_guardpost_small, portal_ice_cave_entry_pillars_1
Sewer:    kennysheep_pipe_town
IceCv:    ice_cave_tombish

Skill      XL: |  1  2  3  4  5  6  7  8  9 10 |
---------------+-------------------------------+-----
Fighting       | 5 6 |  6.6
Armour         | 1 2 3 4 5 6 7 8 |  8.9
Maces & Flails | 3 4 7 9 11 | 11.1
Dodging        | |  1.7
Stealth        | |  2.6
Unarmed Combat | |  1.0

Action                   |  1- 3 |  4- 6 |  7- 9 | 10-12 || total
-------------------------+-------+-------+-------+-------++-------
Melee: Dagger            |   145 |       |       |       ||   145
       Kick              |     1 |       |       |       ||     1
       Mace              |   124 |   128 |   318 |    95 ||   665
       Whip              |       |    76 |    36 |   149 ||   261
       Short sword       |       |   112 |       |       ||   112
       Punch             |       |       |     2 |     1 ||     3
 Fire: Hand crossbow     |       |     5 |    15 |    40 ||    60
Throw: Stone             |     3 |     1 |       |       ||     4
       Javelin           |       |     5 |     5 |       ||    10
       Throwing net      |       |       |     2 |       ||     2
       Tomahawk          |       |       |     5 |     4 ||     9
Evoke: Wand              |       |       |    12 |       ||    12
  Use: Scroll            |     5 |     5 |     6 |     2 ||    18
       Potion            |       |       |       |     6 ||     6
 Stab: Sleeping          |     1 |       |       |       ||     1
       Distracted        |       |       |     2 |     2 ||     4
  Eat: Chunk             |     1 |    12 |    15 |     4 ||    32
       Ration            |       |       |       |     2 ||     2
Armor: Robe              |     4 |       |       |       ||     4
       Chain mail        |   212 |   294 |   220 |       ||   726
       Ring mail         |    10 |       |       |       ||    10
       Plate armour      |       |       |       |   110 ||   110
Dodge: Dodged            |    91 |   146 |   182 |    41 ||   460

Table legend:
 A = Spawn XP
 B = Non-spawn XP
 C = Spawn XP percentage of total XP
 D = Spawn monster count
 E = Non-spawn monster count
 F = Spawn count percentage of total count
 G = Total turns spent on level
                    A         B        C        D         E        F      G
               +---------+---------+-------+---------+---------+-------+---------
         Total |       0 |    9713 |   0.0 |       0 |     223 |   0.0 | 12401
               +---------+---------+-------+---------+---------+-------+---------
           D:1 |       0 |      51 |   0.0 |       0 |      25 |   0.0 |  1109
           D:2 |       0 |      63 |   0.0 |       0 |      16 |   0.0 |   858
           D:3 |       0 |     170 |   0.0 |       0 |      34 |   0.0 |  1233
           D:4 |       0 |     577 |   0.0 |       0 |      18 |   0.0 |   870
           D:5 |       0 |     440 |   0.0 |       0 |      15 |   0.0 |   976
           D:6 |       0 |     795 |   0.0 |       0 |      13 |   0.0 |   788
           D:7 |       0 |    1121 |   0.0 |       0 |      20 |   0.0 |  1277
           D:8 |       0 |    1956 |   0.0 |       0 |      26 |   0.0 |  1060
        Lair:1 |       0 |    1319 |   0.0 |       0 |       9 |   0.0 |  1013
        Lair:2 |       0 |     533 |   0.0 |       0 |       5 |   0.0 |   122
         Sewer |       0 |     194 |   0.0 |       0 |      24 |   0.0 |   875
         IceCv |       0 |    2494 |   0.0 |       0 |      18 |   0.0 |  1983
               +---------+---------+-------+---------+---------+-------+---------

Table legend:
 A = Turns spent in this place as a percentage of turns spent in the entire game.
 B = Non-inter-level travel turns spent in this place as a percentage of non-inter-level travel turns spent in the entire game.
 C = Inter-level travel turns spent in this place as a percentage of turns spent in this place.
 D = Turns resting spent in this place as a percentage of non-inter-level travel turns spent in this place.
 E = Turns spent auto-exploring this place as a percentage of non-inter-level travel turns spent in this place.
 F = Non-inter-level travel turns spent in this place divided by the number of levels of this place that you've seen.
                   A       B       C       D       E      F
               +-------+-------+-------+-------+-------+----------------------
         Total | 100.0 | 100.0 |   2.8 |  33.6 |  35.3 | 926.8
       Dungeon |  65.9 |  65.5 |   3.4 |  22.8 |  44.5 | 986.5
        Temple |   1.9 |   1.6 |  21.1 |   0.0 |  95.7 | 187.0
          Lair |   9.2 |   9.2 |   2.0 |  31.1 |  45.8 | 556.0
         Sewer |   7.1 |   7.3 |   0.0 |  52.8 |   6.1 | 875.0
      Ice Cave |  16.0 |  16.5 |   0.0 |  73.1 |   0.0 | 1983.0
               +-------+-------+-------+-------+-------+----------------------

Vault maps used:
D:1:      sevenhm_arrival_forest_fort_small_3, serial_park_tiny_1,
          tso_metal_star
D:2:      minmay_kobold_bridge, bloody_makhleb
D:3:      minmay_diamond_boxcup, cheibrodos_sewer_entry_bend
D:4:      minmay_temple_entry_junction, uniq_crazy_yiuf_cottage
D:5:      first_ration, nicolae_gozag_cash_rules_everything_around_me,
          uniq_duvessa
D:6:      gammafunk_wand_slinger, nicolae_lava_and_water
D:7:      kb_forest_paths, the_bakery
D:8:      erik_lair_island, kennysheep_nondescript, st_stairs_8,
          lemuel_blue_sif_altar, uniq_pikel
Temple:   kilobyte_greek_temple
Lair:1:   infiniplex_staircase_pool
Lair:2:   minmay_snake_entry_guardpost_small, portal_ice_cave_entry_pillars_1
Sewer:    kennysheep_pipe_town
IceCv:    ice_cave_tombish
